 Dungeon Crawl Stone Soup version 0.29-a0-393-g47a863cc1b (webtiles) character file.

Game seed: 1082281399126029699

70 Kenran the Magician (level 4, 0/31 HPs)
             Began as a Djinni Conjurer on May 9, 2022.
             Slain by a gnoll
             ... wielding a +0 whip
              (5 damage)
             ... on level 2 of the Dungeon.
             The game lasted 00:03:54 (2158 turns).

Kenran the Magician (Djinni Conjurer)               Turns: 2158, Time: 00:03:54

Health: 0/31       AC:  3    Str:  6    XL:     4   Next: 44%
Gold:   105        EV: 12    Int: 21    God:
                   SH:  0    Dex: 12

rFire   + + .      SeeInvis .   (no weapon)
rCold   x . .      Faith    .   (no shield)
rNeg    . . .      Spirit   .   a - +0 robe
rPois   ∞          Reflect  .   (no helmet)
rElec   .          Harm     .   (no cloak)
rCorr   .          Rampage  .   o - +0 pair of gloves
Will    .....                   (boots unavailable)
Stlth   ++........              (no amulet)
HPRegen 0.10/turn               (no ring)
MPRegen 0.00/turn               (no ring)

@: flying
A: sickness immunity, fire resistance 2, cold vulnerability 1, float, innate
caster, HP casting, extra vitality 1
a: no special abilities


You were on level 2 of the Dungeon.
You visited 1 branch of the dungeon, and saw 3 of its levels.

You collected 105 gold pieces.

Inventory:

Missiles
 c - 3 atropa-tipped darts
Armour
 a - a +0 robe (worn)
 o - a +0 pair of gloves (worn)
Scrolls
 b - 2 scrolls of identify {unknown}
 d - a scroll of poison {unknown}
 g - a scroll of noise {unknown}
 h - a scroll of amnesia {unknown}
 i - a scroll of fog {unknown}
 k - a scroll of blinking {unknown}
 l - a scroll of magic mapping {unknown}
 m - a scroll of teleportation {unknown}
Potions
 e - 2 potions of magic {unknown}
 f - a potion of berserk rage {unknown}
 j - a potion of lignification {unknown}
 n - 2 potions of flight {unknown}
 p - a potion of curing {unknown}


   Skills:
 + Level 0.5 Fighting
 + Level 3.1 Dodging
 - Level 2.0 Stealth
 * Level 4.0 Spellcasting


You couldn't memorise any spells.
You knew the following spells:

 Your Spells              Type           Power      Damage    Failure   Level
a - Magic Dart            Conj           84%        1d7       2%          1
b - Searing Ray           Conj           42%        2d6       3%          2
c - Dazzling Flash        Conj/Hex       42%        N/A       7%          3
d - Fulminant Prism       Conj/Hex       10%        3d9       22%         4
e - Iskenderun's Mystic   Conj/Tloc      21%        2d6       22%         4
f - Freeze                Ice            84%        1d10      2%          1
Your spell library was empty.

Dungeon Overview and Level Annotations

Branches:
Dungeon (3/15)

Altars:


Innate Abilities, Weirdness & Mutations

You are immune to sickness and miasma.
You are immune to poison.
Your flesh is very heat resistant. (rF++)
You are vulnerable to cold. (rC-)
You float through the air rather than walking.
You learn spells naturally, not from books.
Your magical power is your life essence.
You have superior vitality. (+4 MHP)


Message History

The gnoll shouts!
The magic dart hits the ball python!
You kill the ball python!
The magic dart hits the gnoll.
The gnoll is moderately wounded.
A goblin comes into view. It is wielding a +0 club.
The magic dart hits the gnoll!
You kill the gnoll!
The goblin shouts!
Your Dodging skill increases to level 3!
The magic dart hits the gnoll.
The gnoll is moderately wounded.
The magic dart hits the gnoll.
The gnoll is heavily wounded.
An endoplasm comes into view.
The magic dart hits the gnoll.
The gnoll is severely wounded.
Your magical contamination has completely faded away.
The magic dart hits the gnoll but does no damage.
The gnoll is severely wounded.
The magic dart hits the gnoll.
The gnoll is almost dead.
The gnoll hits you with a +0 whip.
The magic dart hits the gnoll.
You kill the gnoll!
Your Spellcasting skill increases to level 4!
The magic dart hits the goblin!
You kill the goblin!
The magic dart hits the gnoll.
The gnoll is heavily wounded.
The gnoll hits you with a +0 whip.
You fly upwards.
There is a stone staircase leading down here.
You are too injured to fight recklessly!
The gnoll attacks as you move away! The gnoll barely misses you.
The gnoll attacks as you move away! The gnoll hits you with a +0 whip!
* * * LOW HITPOINT WARNING * * *
The gnoll attacks as you move away! The gnoll hits you but does no damage.
The gnoll attacks as you move away! The gnoll hits you with a +0 whip.
You die...

.........# ####.....# # #..[..#
####.....# #.#.###..########
.#.## #.........# #.#.#
#.##......#################
.#.####..........g............>..
####.....#......@#############(##
# #.............# #...#
####..).)........# #.###
........##.#####.# #.#
###..#####.....#.# ###.# ##.#
#.....#.# #...# ###..# ##....#.#
#.### ....## #....#.# #.# ...##
#....#.# #.######


You could see a gnoll.

Vanquished Creatures
  An adder (D:2)
  2 gnolls (D:3)
  2 dart slugs (D:1)
  4 bats
  2 endoplasms
  4 giant cockroaches
  3 goblins
  3 hobgoblins
  A quokka (D:1)
  4 ball pythons
  4 frilled lizards
  4 kobolds
  4 rats
38 creatures vanquished.

Notes
Turn   | Place    | Note
-------+----------+-------------------------------------------
     0 | D:1      | Kenran the Djinni Conjurer began the quest for the Orb.
     0 | D:1      | Reached XP level 1. HP: 15/15 MP: 0/0
   229 | D:1      | Reached XP level 2. HP: 20/21 MP: 0/0
   840 | D:1      | Reached XP level 3. HP: 23/25 MP: 0/0
   840 | D:1      | Learned a level 1 spell: Freeze
  2130 | D:3      | Reached XP level 4. HP: 31/31 MP: 0/0
  2140 | D:3      | Reached skill level 4 in Spellcasting
  2158 | D:2      | Slain by a gnoll

Illustrated notes

Levels and vault maps discovered:
D:1:      nzn_arrival_settlement, layout_loops_ring,
          amcnicky_mini_rare_corridor_liquid
D:2:      layout_basic, minivault_24, hangedman_feature_mirror
D:3:      layout_rooms, nicolae_uskayaw_murder_on_the_dancefloor, uniq_sigmund

Skill      XL: |  1  2  3  4 |
---------------+-------------+-----
Stealth        | 2 |  2.0
Dodging        | 3 |  3.1
Spellcasting   | 4 |  4.0
Fighting       | |  0.5

Action                   |  1- 3 |  4- 6 || total
-------------------------+-------+-------++-------
Melee: Unarmed           |     1 |       ||     1
 Cast: Magic Dart        |    69 |    11 ||    80
Armor: Robe              |     4 |     1 ||     5
Dodge: Dodged            |     7 |     1 ||     8

Table legend: (Time is in decaauts)
 A = Elapsed time spent in this place.
 B = Non-inter-level travel time spent in this place.
 C = Inter-level travel time spent in this place.
 D = Time resting spent in this place.
 E = Time spent auto-exploring this place.
 F = Levels seen in this place.
 G = Mean time per level.
                   A        B        C        D        E       F      G
               +--------+--------+--------+--------+--------+-----+--------+
         Total |   2159 |   2059 |    100 |    674 |   1172 |   3 |  719.7 |
       Dungeon |   2159 |   2059 |    100 |    674 |   1172 |   3 |  719.7 |
               +--------+--------+--------+--------+--------+-----+--------+

Top non-repeatable levels by time:
     D:2: 1157 daAuts
     D:1: 971 daAuts
     D:3: 30 daAuts
